 Dungeon Crawl Stone Soup version 0.27.1-33-g824d729ab1 (webtiles) character file.

Game seed: 2061126009174040563

207 solopath the Poker (level 5, -9/38 HPs)
             Began as a Demonspawn Gladiator on Nov 30, 2021.
             Was a Priest of Fedhas.
             Mangled by an orc warrior (17 damage)
             ... on level 4 of the Dungeon.
             The game lasted 00:04:55 (3674 turns).

solopath the Poker (Demonspawn Gladiator)           Turns: 3674, Time: 00:04:56

Health: -9/38      AC:  5    Str: 14    XL:     5   Next: 54%
Magic:  4/6        EV: 12    Int: 12    God:    Fedhas [***...]
Gold:   176        SH:  0    Dex: 15    Spells: 4/4 levels left

rFire    . . .     SeeInvis .   a - +0 trident
rCold    . . .     Faith    .   (no shield)
rNeg     . . .     Spirit   .   b - +0 leather armour
rPois    .         Reflect  .   c - +0 helmet
rElec    .         Harm     .   (no cloak)
rCorr    .         Rampage  .   j - +0 pair of gloves
Will     .....                  (no boots)
Stlth    +.........             (no amulet)
HPRegen  0.12/turn              (no ring)
MPRegen  0.10/turn              (no ring)

@: no status effects
A: talons 1, demonic guardian 2, big brain 1
a: Renounce Religion, Wall of Briars, Grow Ballistomycete


You were on level 4 of the Dungeon.
You worshipped Fedhas.
Fedhas was most pleased with you.
You visited 1 branch of the dungeon, and saw 4 of its levels.

You collected 176 gold pieces.

Inventory:

Hand Weapons
 a - a +0 trident (weapon)
Missiles
 d - 3 throwing nets (quivered)
 f - 7 javelins
Armour
 b - a +0 leather armour (worn)
 c - a +0 helmet (worn)
 j - a +0 pair of gloves (worn)
 l - a +0 kite shield
Jewellery
 o - an amulet of faith
Scrolls
 g - 2 scrolls of silence {unknown}
 h - a scroll of teleportation
 k - a scroll of enchant weapon {unknown}
 m - a scroll of holy word {unknown}
 n - a scroll of amnesia {unknown}
Potions
 e - 4 potions of curing {unknown}
 i - 2 potions of might {unknown}


   Skills:
 - Level 2.0 Fighting
 * Level 5.6 Polearms
 - Level 1.7 Throwing
 - Level 2.6 Dodging
 + Level 1.6 Invocations


You had 4 spell levels left.
You didn't know any spells.
Your spell library contained the following spells:

 Spells                   Type           Power      Damage    Failure   Level
 Leda's Liquefaction      Hex/Erth       0%         N/A       99%         4
 Bolt of Magma            Conj/Fire/Erth 0%         4d4       100%        5
 Statue Form              Tmut/Erth      0%         N/A       100%        6


Dungeon Overview and Level Annotations

Branches:
Dungeon (4/15)
 Temple: D:4-7

Altars:
Ashenzari
Fedhas
Uskayaw


Innate Abilities, Weirdness & Mutations

You have sharp toenails.
A demonic guardian rushes to your aid.
You have an unusually large brain. (Int +2)


Message History

The centaur skeleton kicks you.
You puncture the centaur skeleton!
The centaur skeleton is heavily damaged.
The centaur skeleton closely misses you.
The centaur skeleton kicks you but does no damage.
The orc warrior hits you from afar with a +0 glaive.
The centaur skeleton barely misses you.
The centaur skeleton kicks you but does no damage.
Okay, then.
A briar patch grows up from the ground. x5
The centaur skeleton hits you but does no damage.
The centaur skeleton barely misses you. The orc warrior misses you.
The centaur skeleton hits you. The centaur skeleton kicks you.
You walk carefully through the plants.
The centaur skeleton hits you.
The centaur skeleton closely misses you.
You reach to attack!
You closely miss the orc warrior.
You could not reach far enough!
The orc warrior barely misses you.
You reach to attack!
You hit the orc warrior but do no damage.
The orc warrior hits you from afar with a +0 glaive!!
* * * LOW HITPOINT WARNING * * *
A demonic guardian appears!
The orc is struck by your briar patch's thorns.
The orc dies!
Fedhas appreciates your contribution to the ecosystem.
The orc warrior hits your briar patch with a +0 glaive!
The orc warrior hits your briar patch with a +0 glaive!
Your briar patch is destroyed!
Your briar patch disappears in a puff of smoke!
Your rust devil closely misses the orc warrior.
You are too injured to fight recklessly!
You are too injured to fight recklessly!
Reach: a) +0 trident
Press: ? - help, Dir - move target, f/p - orc warrior
Aim: an orc warrior, wielding a +0 glaive and wearing a +0 plate armour (grey smoke, ally target, about 40% to evade your +0 trident)
You could not reach far enough!
Your briar patch disappears in a puff of smoke!
The orc warrior hits you from afar with a +0 glaive!
You die...
Fedhas appreciates your contribution to the ecosystem.

..##.# #.# #....# #.##.# #.#
###.## #.##.# #####.## #.#
#.##.# #......## #.# #.##.#
##.#.....# #.#
..##.######........## #.#
#...........#.......#########.#
###########.....÷.............#
##....@...###########
#.#..4..## #.##P§o## #...PoP#
#####Z## #.# ## #.# ..
...###.##o## ............#


You could see an orc warrior (ally target), an orc, a centaur skeleton (ally
target) and a friendly rust devil (summoned).

Vanquished Creatures
  A hound (D:4)
  An iguana (D:4)
  3 adders
  An ufetubus (D:4)
  2 worms
  2 dart slugs (D:1)
  4 orcs
  5 ball pythons
  5 bats
  5 endoplasms
  8 giant cockroaches
  7 goblins
  7 hobgoblins
  14 kobolds
  2 quokkas (D:1)
  7 frilled lizards
  6 rats
80 creatures vanquished.

Vanquished Creatures (collateral kills)
  An iguana (D:3)
  An orc (D:4)
  An endoplasm (D:3)
3 creatures vanquished.

Grand Total: 83 creatures vanquished

Notes
Turn   | Place    | Note
-------+----------+-------------------------------------------
     0 | D:1      | solopath the Demonspawn Gladiator began the quest for the
                  | Orb.
     0 | D:1      | Reached XP level 1. HP: 16/16 MP: 1/1
   123 | D:1      | Reached skill level 3 in Polearms
   366 | D:1      | Found a faded altar of an unknown god.
   375 | D:1      | Gained mutation: A weak demonic guardian rushes to your
                  | aid. [demonic ancestry]
   375 | D:1      | Reached XP level 2. HP: 22/22 MP: 2/2
   381 | D:1      | Became a worshipper of Fedhas Madash
   381 | D:1      | Reached * piety under Fedhas
   971 | D:1      | Gained mutation: You have an unusually large brain. (Int
                  | +2) [demonic ancestry]
   971 | D:1      | Reached XP level 3. HP: 25/27 MP: 3/3
  1247 | D:1      | Reached skill level 4 in Polearms
  1514 | D:2      | Reached ** piety under Fedhas
  2006 | D:2      | Gained mutation: You have sharp toenails. [demonic
                  | ancestry]
  2006 | D:2      | Reached XP level 4. HP: 33/33 MP: 4/4
  2697 | D:3      | Found a broken altar of Ashenzari.
  2915 | D:3      | Reached skill level 5 in Polearms
  3393 | D:4      | Reached *** piety under Fedhas
  3438 | D:4      | Gained mutation: A demonic guardian rushes to your aid.
                  | [demonic ancestry]
  3438 | D:4      | Reached XP level 5. HP: 38/38 MP: 5/5
  3448 | D:4      | Reached skill level 1 in Invocations
  3518 | D:4      | Found a hide-covered altar of Uskayaw.
  3655 | D:4      | Noticed an orc warrior
  3674 | D:4      | Mangled by an orc warrior

Illustrated notes

Levels and vault maps discovered:
D:1:      dpeg_arrival_three_smaller_balls, layout_loops_ring,
          ebering_ecumenical_altar_rust
D:2:      layout_loops_ring, minmay_surrounded
D:3:      layout_basic, evilmike_ruin_ashenzari, minmay_misc_feat_iff
D:4:      layout_loops_corners, old_standard_altar, kennysheep_generic_room_13

Skill      XL: |  1  2  3  4  5 |
---------------+----------------+-----
Polearms       | 3 4 5 |  5.6
Invocations    | 1 |  1.6
Fighting       | |  2.0
Throwing       | |  1.7
Dodging        | |  2.6

Action                   |  1- 3 |  4- 6 || total
-------------------------+-------+-------++-------
Melee: Trident           |   178 |   111 ||   289
       Kick              |       |    27 ||    27
Throw: Throwing net      |       |     1 ||     1
Invok: Wall of Briars    |       |     1 ||     1
  Use: Scroll            |       |     1 ||     1
 Stab: Sleeping          |     2 |     1 ||     3
Armor: Leather armour    |    42 |    27 ||    69
Dodge: Dodged            |    85 |    50 ||   135
